AoeStats
← GRiever

Socotra

506090205Analyzed
2v2 RM · 21d ago on Sep 12, 2026· 26m 55s· 4 players
Game mode
Random Map
Map size
Tiny (2 player)
Population
200
Speed
Normal
Resources
Standard
Victory
Conquest
Starting age
Dark Age
Ending age
Imperial Age
RankedLock teamsTeams togetherTeam positionsShared explorationLock speedFull tech treeHidden civsTurbo modeCheats
Victory
Defeat
🇮🇳 Dravidians · India
1318
+16
🇮🇳 Romans · India
1227
+20
🇦🇺 Armenians · Australia
1329
-19
🇦🇺 Romans · Australia
1290
-17
BombayGypsy
6:59 Loom
9:46 Feudal Age
11:10 Town Watch
16:46 Fletching
17:52 Horse Collar
17:59 Double-Bit Axe
18:13 Man-at-Arms
23:43 Castle Age
22:31 Scale Barding Armor
23:35 Forging
24:14 Bloodlines
23:52 Light Cavalry
27:53 Chain Barding Armor
Lucky23
6:37 Loom
10:21 Feudal Age
10:35 Man-at-Arms
15:16 Fletching
21:33 Castle Age
20:07 Padded Archer Armor
21:48 Horse Collar
21:43 Crossbowman
22:20 Bodkin Arrow
22:18 Double-Bit Axe
dogs
0:59 Loom
11:06 Feudal Age
14:30 Double-Bit Axe
18:36 Castle Age
21:44 Double-Bit Axe
26:51 Fletching
GRiever
7:04 Loom
11:07 Feudal Age
11:54 Man-at-Arms
17:36 Long Swordsman
21:28 Double-Bit Axe
26:55 Castle Age
27:01 Horse Collar
Connection lost

Rejoining the realm…

Still unreachable

The connection could not be restored.

Session expired

The server has moved on; the page needs a fresh start.